FLORIDA Panthers vs BUFFALO Sabres

Created - 17 mars 2024 at 14:00

Goals
1 2 3 T
FLORIDA Panthers 4 1 0 5
BUFFALO Sabres 2 0 0 2
Shots
1 2 3 T
FLORIDA Panthers 18 13 15 46
BUFFALO Sabres 11 7 8 26

1st period

1. FLORIDA Panthers , Yegor Sharangovich 12 (Adam Henrique 10) at 1:45
2. BUFFALO Sabres , Jakob Chychrun 4 (Alex Tuch 23, Filip Hronek 30) at 2:32 (PP)
3. FLORIDA Panthers , Carter Verhaeghe 13 (Matthew Tkachuk 35, Connor Murphy 17) at 4:34
4. FLORIDA Panthers , Jordan Martinook 7 (Derek Grant 5, Ryan McLeod 4) at 8:00
5. BUFFALO Sabres , Jonas Brodin 8 (Valeri Nichushkin 33, Tage Thompson 21) at 11:21 (PP)
6. FLORIDA Panthers , Matthew Tkachuk 19 (Steven Stamkos 29, Dougie Hamilton 21) at 18:02 (PP)

Penalties :
Connor Murphy (FLO) for Tripping (Minor) at 2:00, Matthew Tkachuk (FLO) for Interference (Minor) at 10:44, Nick Bjugstad (BUF) for Tripping (Minor) at 16:22, Connor Murphy (FLO) for High sticking (Minor) at 18:08

2nd period

7. FLORIDA Panthers , Matthew Tkachuk 20 (Steven Stamkos 30) at 17:28

Penalties :
Matthew Tkachuk (FLO) for Interference (Minor) at 11:30, Brett Kulak (BUF) for Roughing (Minor) at 14:00

3rd period

No Goal

Penalties :
Logan O'Connor (BUF) for Slashing (Minor) at 3:26, Carter Verhaeghe (FLO) for Holding (Minor) at 8:36

Goalie Stats

Darcy Kuemper (FLO), 24 saves from 26 shots - (0,923), W, 28-19-7, 60:00 minutes
Connor Ingram (BUF), 27 saves from 28 shots - (0,964), 41:58 minutes
Igor Shesterkin (BUF), 14 saves from 18 shots - (0,778), L, 30-17-2, 18:02 minutes

Players Stats for FLORIDA Panthers

Player Name              G  A  P  +/- PIM S  H  SB GA TA FO     MP     PP MP  PK MP  
------------------------------------------------------------------------------------
Adam Henrique            0  1  1   1  0   1  1  0  0  0  7/16   12:21   0:00   2:05 
Brady Skjei              0  0  0   0  0   1  3  1  0  0  0/0    20:54   2:38   3:16 
Brandon Saad             0  0  0   0  0   5  0  0  0  0  0/3    17:13   2:38   0:00 
Brock Nelson             0  0  0   0  0   9  1  0  0  0  1/1    22:14   2:38   5:01 
Carter Verhaeghe         1  0  1   2  2   4  2  0  0  0  1/1    20:28   3:00   0:00 
Connor Murphy            0  1  1   3  4   3  0  3  0  0  0/0    15:29   0:00   2:13 
Derek Grant              0  1  1   1  0   1  0  0  0  0  6/9     4:56   0:00   0:00 
Dougie Hamilton          0  1  1   0  0   1  0  1  0  0  0/0    19:08   3:00   1:08 
Eetu Luostarinen         0  0  0   1  0   2  0  1  0  0  0/0    12:21   0:00   2:05 
Jordan Martinook         1  0  1   1  0   1  0  0  0  0  0/0     4:56   0:00   0:00 
Josh Morrissey           0  0  0   1  0   1  3  0  0  0  0/0    25:48   3:00   3:50 
Matt Irwin               0  0  0   3  0   0  0  1  0  0  0/0    13:18   0:00   0:00 
Matthew Tkachuk          2  1  3   2  4   6  1  1  0  0  1/1    20:27   3:00   0:00 
Ryan McDonagh            0  0  0   1  0   2  1  4  0  0  0/0    25:21   2:38   3:45 
Ryan McLeod              0  1  1   1  0   0  2  0  0  0  0/0     4:56   0:00   0:00 
Steven Stamkos           0  2  2   2  0   4  2  0  0  0  15/25  20:29   3:00   0:00 
Vincent Trocheck         0  0  0   0  0   4  4  1  0  0  21/34  22:14   2:38   5:01 
Yegor Sharangovich       1  0  1   1  0   1  0  0  0  0  0/0    10:16   0:00   0:00 

Players Stats for BUFFALO Sabres

Player Name              G  A  P  +/- PIM S  H  SB GA TA FO     MP     PP MP  PK MP  
------------------------------------------------------------------------------------
Alex Tuch                0  1  1  -1  0   2  0  0  0  0  1/2    22:05   3:10   1:50 
Brett Kulak              0  0  0  -1  2   0  1  1  0  0  0/0    19:13   0:43   1:23 
Curtis Lazar             0  0  0  -2  0   1  1  0  0  0  1/1     6:12   0:00   0:28 
Filip Hronek             0  1  1  -1  0   1  1  1  0  0  0/0    20:14   3:06   0:00 
Ivan Provorov            0  0  0  -2  0   0  2  1  0  0  0/0    24:45   3:22   2:49 
Jack Eichel              0  0  0  -1  0   3  3  0  0  0  5/22   19:40   2:35   0:00 
Jakob Chychrun           1  0  1  -1  0   3  2  3  0  0  0/0    15:03   3:01   0:28 
Jesper Bratt             0  0  0   0  0   2  1  0  0  0  1/2    18:17   3:53   0:00 
Jon Merrill              0  0  0  -1  0   0  0  1  0  0  0/0    15:28   0:38   3:16 
Jonas Brodin             1  0  1  -2  0   3  2  0  0  0  0/0    25:16   3:22   3:20 
Logan O'Connor           0  0  0  -1  2   0  1  1  0  0  0/0    12:42   0:00   2:40 
Mason McTavish           0  0  0  -1  0   0  0  0  0  0  0/0    10:03   0:00   0:00 
Mattias Janmark          0  0  0  -2  0   1  0  0  0  0  0/1     6:22   0:38   0:00 
Nick Bjugstad            0  0  0  -2  2   1  0  0  0  0  4/8     7:41   0:38   1:20 
Nico Hischier            0  0  0   0  0   4  1  0  0  0  15/32  22:07   3:53   3:50 
Seth Jarvis              0  0  0  -1  0   0  0  0  0  0  0/1    17:05   0:00   0:00 
Tage Thompson            0  1  1  -1  0   1  1  0  0  0  9/17   13:16   3:13   0:00 
Valeri Nichushkin        0  1  1   0  0   4  2  0  0  0  2/4    18:50   3:18   1:08 

3 Stars

1 - Matthew Tkachuk (FLO)
2 - Steven Stamkos (FLO)
3 - Carter Verhaeghe (FLO)

Power Play

FLORIDA Panthers - 1 on 3 Attempt(s) - 33,33%
BUFFALO Sabres - 2 on 5 Attempt(s) - 40,00%

Penalty Kill

FLORIDA Panthers - 3 on 5 Attempt(s) - 60,00% - Score 0 goal in Penalty Kill
BUFFALO Sabres - 2 on 3 Attempt(s) - 66,67% - Score 0 goal in Penalty Kill

Team Stat

FLORIDA Panthers - Hits : 20 - Faceoff Wins : 52 - Blocked Shots : 13 - Penalty Minutes : 10
BUFFALO Sabres - Hits : 18 - Faceoff Wins : 38 - Blocked Shots : 8 - Penalty Minutes : 6

Official

Referees : Brian Pochmara and Shauna Neary
Linesman : Alex Blair and Caleb Apperson

Game Notes

Connor Ingram enters game at 18:02 of 1st period

Finance

Level 1 -- Attendance: 5245 (87,42%) -- Ticket Income $524,500
Level 2 -- Attendance: 4463 (89,26%) -- Ticket Income $267,780
Level 3 -- Attendance: 2000 (100,00%) -- Ticket Income $70,000
Level 4 -- Attendance: 4000 (100,00%) -- Ticket Income $80,000
Luxury Box -- Attendance: 798 (79,80%) -- Ticket Income $159,600
Game was played at the First Niagara Center.
Total Attendance: 16506 (91,70%)
Total Ticket Income: $1,101,880
Other Income: $275,470
Total Income: $1,377,350

FLORIDA Panthers

5 vs 5 Forward 
   Center                   Left Wing                Right Wing               Time % Phy DF OF 
 1 Steven Stamkos           Carter Verhaeghe         Matthew Tkachuk          40     1   2  2  
 2 Vincent Trocheck         Brock Nelson             Brandon Saad             30     1   1  3  
 3 Adam Henrique            Eetu Luostarinen         Yegor Sharangovich       20     1   2  2  
 4 Derek Grant              Ryan McLeod              Jordan Martinook         10     1   2  2  

5 vs 5 Defense 
   Defense                  Defense                                           Time % Phy DF OF 
 1 Josh Morrissey           Ryan McDonagh                                     40     1   2  2  
 2 Dougie Hamilton          Brady Skjei                                       30     1   2  2  
 3 Connor Murphy            Matt Irwin                                        20     1   2  2  
 4 Josh Morrissey           Ryan McDonagh                                     10     1   2  2  

PowerPlay Forward 
   Center                   Left Wing                Right Wing               Time % Phy DF OF 
 1 Steven Stamkos           Carter Verhaeghe         Matthew Tkachuk          60     1   1  3  
 2 Vincent Trocheck         Brock Nelson             Brandon Saad             40     1   1  3  

PowerPlay Defense
   Defense                  Defense                                           Time % Phy DF OF 
 1 Josh Morrissey           Dougie Hamilton                                   70     1   1  3  
 2 Brady Skjei              Ryan McDonagh                                     30     1   1  3  

Penalty Kill 4 Players Forward 
   Center                   Wing                     Time % Phy DF OF 
 1 Vincent Trocheck         Brock Nelson             60     1   3  1  
 2 Adam Henrique            Eetu Luostarinen         40     1   4  0  

Penalty Kill 4 Players Defense
   Defense                  Defense                  Time % Phy DF OF 
 1 Ryan McDonagh            Brady Skjei              60     1   3  1  
 2 Connor Murphy            Josh Morrissey           40     1   3  1  

Penalty Kill - 3 Players Forward 
   Forward                                           Time % Phy DF OF 
 1 Eetu Luostarinen                                  60     0   5  0  
 2 Vincent Trocheck                                  40     0   5  0  

Penalty Kill - 3 Players Defense
   Defense                  Defense                  Time % Phy DF OF 
 1 Connor Murphy            Ryan McDonagh            60     1   4  0  
 2 Brady Skjei              Josh Morrissey           40     1   4  0  

4 vs 4 Forward 
   Center                   Wing                     Time % Phy DF OF 
 1 Steven Stamkos           Matthew Tkachuk          60     1   2  2  
 2 Vincent Trocheck         Brock Nelson             40     1   2  2  

4 vs 4 Defense
   Defense                  Defense                  Time % Phy DF OF 
 1 Josh Morrissey           Ryan McDonagh            60     1   2  2  
 2 Brady Skjei              Connor Murphy            40     1   2  2  

Last Minutes Offensive
   Center                   Left Wing                Right Wing               Defense                  Defense                  
   Steven Stamkos           Carter Verhaeghe         Matthew Tkachuk          Josh Morrissey           Dougie Hamilton          

Last Minutes Defensive
   Center                   Left Wing                Right Wing               Defense                  Defense                  
   Vincent Trocheck         Brock Nelson             Brandon Saad             Ryan McDonagh            Brady Skjei              

Goaltenders
Starting : Darcy Kuemper            
Backup : Cayden Primeau           

Extra Forwards
Normal : Matthew Tkachuk, Steven Stamkos, Carter Verhaeghe - PP : Yegor Sharangovich, Adam Henrique - PK : Eetu Luostarinen
Extra Defensemen
Normal : Brady Skjei, Dougie Hamilton, Connor Murphy - PP : Dougie Hamilton - PK : Ryan McDonagh, Connor Murphy
Penalty Shots
Steven Stamkos, Matthew Tkachuk, Brock Nelson, Carter Verhaeghe, Vincent Trocheck

Scratches
None

BUFFALO Sabres

5 vs 5 Forward 
   Center                   Left Wing                Right Wing               Time % Phy DF OF 
 1 Jack Eichel              Alex Tuch                Seth Jarvis              37     0   2  3  
 2 Nico Hischier            Valeri Nichushkin        Jesper Bratt             33     0   2  3  
 3 Tage Thompson            Mason McTavish           Logan O'Connor           20     1   2  2  
 4 Nick Bjugstad            Mattias Janmark          Curtis Lazar             10     1   2  2  

5 vs 5 Defense 
   Defense                  Defense                                           Time % Phy DF OF 
 1 Ivan Provorov            Jonas Brodin                                      40     1   2  2  
 2 Brett Kulak              Filip Hronek                                      30     1   2  2  
 3 Jakob Chychrun           Jon Merrill                                       20     1   3  1  
 4 Ivan Provorov            Jonas Brodin                                      10     1   3  1  

PowerPlay Forward 
   Center                   Left Wing                Right Wing               Time % Phy DF OF 
 1 Nico Hischier            Alex Tuch                Jesper Bratt             60     1   2  2  
 2 Jack Eichel              Valeri Nichushkin        Tage Thompson            40     1   2  2  

PowerPlay Defense
   Defense                  Defense                                           Time % Phy DF OF 
 1 Ivan Provorov            Jonas Brodin                                      60     1   2  2  
 2 Jakob Chychrun           Filip Hronek                                      40     1   2  2  

Penalty Kill 4 Players Forward 
   Center                   Wing                     Time % Phy DF OF 
 1 Nico Hischier            Logan O'Connor           60     1   2  2  
 2 Nick Bjugstad            Alex Tuch                40     1   2  2  

Penalty Kill 4 Players Defense
   Defense                  Defense                  Time % Phy DF OF 
 1 Ivan Provorov            Jonas Brodin             60     1   2  2  
 2 Brett Kulak              Jon Merrill              40     1   2  2  

Penalty Kill - 3 Players Forward 
   Forward                                           Time % Phy DF OF 
 1 Nico Hischier                                     60     1   2  2  
 2 Nick Bjugstad                                     40     1   2  2  

Penalty Kill - 3 Players Defense
   Defense                  Defense                  Time % Phy DF OF 
 1 Ivan Provorov            Jonas Brodin             60     1   2  2  
 2 Brett Kulak              Jon Merrill              40     1   2  2  

4 vs 4 Forward 
   Center                   Wing                     Time % Phy DF OF 
 1 Nico Hischier            Tage Thompson            60     1   2  2  
 2 Jack Eichel              Jesper Bratt             40     1   2  2  

4 vs 4 Defense
   Defense                  Defense                  Time % Phy DF OF 
 1 Ivan Provorov            Jonas Brodin             60     1   2  2  
 2 Jakob Chychrun           Filip Hronek             40     1   2  2  

Last Minutes Offensive
   Center                   Left Wing                Right Wing               Defense                  Defense                  
   Nico Hischier            Alex Tuch                Jesper Bratt             Ivan Provorov            Jonas Brodin             

Last Minutes Defensive
   Center                   Left Wing                Right Wing               Defense                  Defense                  
   Nico Hischier            Logan O'Connor           Nick Bjugstad            Ivan Provorov            Jonas Brodin             

Goaltenders
Starting : Igor Shesterkin          
Backup : Connor Ingram            

Extra Forwards
Normal : Jack Eichel, Nico Hischier, Tage Thompson - PP : Jack Eichel, Nico Hischier - PK : Nico Hischier
Extra Defensemen
Normal : Ivan Provorov, Jonas Brodin, Jakob Chychrun - PP : Ivan Provorov - PK : Jon Merrill, Jonas Brodin
Penalty Shots
Nico Hischier, Tage Thompson, Alex Tuch, Jesper Bratt, Jack Eichel

Scratches
Andrew Cogliano (Healthy), Henri Jokiharju (Healthy)

% Time on Ice - FLORIDA Panthers

Lines # - Real PCT - Wanted PCT - Time Play
Normal Forward
1 - 37% - 40% - 17:29
2 - 31% - 30% - 14:35
3 - 22% - 20% - 10:16
4 - 10% - 10% - 4:56
Normal Defense
1 - 38% - 40% - 17:56
2 - 32% - 30% - 15:00
3 - 28% - 20% - 13:18
4 - 2% - 10% - 1:02
PP Forward
1 - 53% - 60% - 3:00
2 - 47% - 40% - 2:38
PP Defense
1 - 53% - 70% - 3:00
2 - 47% - 30% - 2:38
PK Forward
1 - 71% - 60% - 5:01
2 - 29% - 40% - 2:05
PK Defense
1 - 46% - 60% - 3:16
2 - 54% - 40% - 3:50
PK3 Forward
1 - 0% - 60%
2 - 0% - 40%
PK3 Defense
1 - 0% - 60%
2 - 0% - 40%
44 Forward
1 - 0% - 60%
2 - 0% - 40%
44 Defense
1 - 0% - 60%
2 - 0% - 40%
Last Minute Offensive  - 0:00
Last Minute Defensive  - 0:00
Total
Forward - 60:00
Defense - 60:00

% Time on Ice - BUFFALO Sabres

Lines # - Real PCT - Wanted PCT - Time Play
Normal Forward
1 - 36% - 37% - 17:05
2 - 30% - 33% - 14:24
3 - 21% - 20% - 10:03
4 - 12% - 10% - 5:44
Normal Defense
1 - 38% - 40% - 17:53
2 - 36% - 30% - 17:08
3 - 24% - 20% - 11:34
4 - 1% - 10% - 0:41
PP Forward
1 - 55% - 60% - 3:53
2 - 45% - 40% - 3:13
PP Defense
1 - 47% - 60% - 3:22
2 - 53% - 40% - 3:44
PK Forward
1 - 83% - 60% - 4:42
2 - 17% - 40% - 0:56
PK Defense
1 - 36% - 60% - 2:03
2 - 64% - 40% - 3:35
PK3 Forward
1 - 0% - 60%
2 - 0% - 40%
PK3 Defense
1 - 0% - 60%
2 - 0% - 40%
44 Forward
1 - 0% - 60%
2 - 0% - 40%
44 Defense
1 - 0% - 60%
2 - 0% - 40%
Last Minute Offensive  - 0:00
Last Minute Defensive  - 0:00
Total
Forward - 60:00
Defense - 60:00

Play-by-Play

1st period


0:01 of 1st period - Steven Stamkos wins face-off versus Jack Eichel in neutral zone.
0:13 of 1st period - Jack Eichel is hit by Ryan McDonagh and loses puck.
1:35 of 1st period - Shot by Brock Nelson.
1:35 of 1st period - Stopped by Igor Shesterkin without a rebound.
1:36 of 1st period - Tage Thompson wins face-off versus Adam Henrique in BUFFALO Sabres zone.
1:45 of 1st period - Shot by Yegor Sharangovich.
1:45 of 1st period - Goal by Yegor Sharangovich - FLORIDA Panthers : 1 - BUFFALO Sabres : 0.
1:46 of 1st period - Nico Hischier wins face-off versus Derek Grant in neutral zone.
2:00 of 1st period - Minor Penalty to Connor Murphy for Tripping.
2:01 of 1st period - Vincent Trocheck wins face-off versus Nico Hischier in FLORIDA Panthers zone.
2:30 of 1st period - Shot by Alex Tuch.
2:30 of 1st period - Shot Misses the Net.
2:32 of 1st period - Shot by Jakob Chychrun.
2:32 of 1st period - Goal by Jakob Chychrun - FLORIDA Panthers : 1 - BUFFALO Sabres : 1.
2:33 of 1st period - Tage Thompson wins face-off versus Adam Henrique in neutral zone.
2:40 of 1st period - Shot by Logan O'Connor.
2:40 of 1st period - Shot Blocked by Dougie Hamilton.
2:42 of 1st period - Shot by Jonas Brodin.
2:42 of 1st period - Shot Blocked by Eetu Luostarinen.
2:44 of 1st period - Shot by Mason McTavish.
2:44 of 1st period - Shot Misses the Net.
2:46 of 1st period - Shot by Mason McTavish.
2:46 of 1st period - Shot Misses the Net.
3:12 of 1st period - Shot by Tage Thompson.
3:12 of 1st period - Stopped by Darcy Kuemper without a rebound.
3:13 of 1st period - Valeri Nichushkin wins face-off versus Vincent Trocheck in FLORIDA Panthers zone.
3:18 of 1st period - Shot by Nico Hischier.
3:18 of 1st period - Shot Misses the Net.
3:49 of 1st period - Shot by Jesper Bratt.
3:49 of 1st period - Shot Misses the Net.
4:04 of 1st period - Icing by Josh Morrissey.
4:05 of 1st period - Vincent Trocheck wins face-off versus Mattias Janmark in FLORIDA Panthers zone.
4:34 of 1st period - Shot by Carter Verhaeghe.
4:34 of 1st period - Goal by Carter Verhaeghe - FLORIDA Panthers : 2 - BUFFALO Sabres : 1.
4:35 of 1st period - Derek Grant wins face-off versus Seth Jarvis in neutral zone.
4:59 of 1st period - Off-side.
5:00 of 1st period - Steven Stamkos wins face-off versus Nico Hischier in neutral zone.
5:39 of 1st period - Shot by Connor Murphy.
5:39 of 1st period - Stopped by Igor Shesterkin without a rebound.
5:40 of 1st period - Adam Henrique wins face-off versus Jack Eichel in BUFFALO Sabres zone.
6:18 of 1st period - Icing by Jack Eichel.
6:19 of 1st period - Vincent Trocheck wins face-off versus Jack Eichel in BUFFALO Sabres zone.
6:24 of 1st period - Shot by Vincent Trocheck.
6:24 of 1st period - Stopped by Igor Shesterkin without a rebound.
6:25 of 1st period - Tage Thompson wins face-off versus Steven Stamkos in BUFFALO Sabres zone.
6:25 of 1st period - Tage Thompson is hit by Steven Stamkos.
6:28 of 1st period - Logan O'Connor is hit by Carter Verhaeghe and loses puck.
6:37 of 1st period - Shot by Tage Thompson.
6:37 of 1st period - Shot Misses the Net.
7:30 of 1st period - Shot by Brandon Saad.
7:30 of 1st period - Stopped by Igor Shesterkin without a rebound.
7:31 of 1st period - Derek Grant wins face-off versus Jack Eichel in BUFFALO Sabres zone.
7:31 of 1st period - Ryan McLeod is hit by Ivan Provorov and loses puck.
8:00 of 1st period - Shot by Jordan Martinook.
8:00 of 1st period - Goal by Jordan Martinook - FLORIDA Panthers : 3 - BUFFALO Sabres : 1.
8:01 of 1st period - Vincent Trocheck wins face-off versus Valeri Nichushkin in neutral zone.
8:09 of 1st period - Filip Hronek is hit by Josh Morrissey and loses puck.
8:16 of 1st period - Shot by Valeri Nichushkin.
8:16 of 1st period - Stopped by Darcy Kuemper with a rebound.
8:40 of 1st period - Shot by Nico Hischier.
8:40 of 1st period - Stopped by Darcy Kuemper without a rebound.
8:41 of 1st period - Curtis Lazar wins face-off versus Steven Stamkos in FLORIDA Panthers zone.
9:00 of 1st period - Steven Stamkos is hit by Jonas Brodin and loses puck.
9:13 of 1st period - Matthew Tkachuk is hit by Curtis Lazar and loses puck.
9:22 of 1st period - Shot by Steven Stamkos.
9:22 of 1st period - Stopped by Igor Shesterkin without a rebound.
9:23 of 1st period - Alex Tuch wins face-off versus Adam Henrique in BUFFALO Sabres zone.
9:30 of 1st period - Adam Henrique is hit by Jack Eichel and loses puck.
10:07 of 1st period - Shot by Eetu Luostarinen.
10:07 of 1st period - Stopped by Igor Shesterkin with a rebound.
10:18 of 1st period - Filip Hronek is hit by Vincent Trocheck and loses puck.
10:41 of 1st period - Shot by Brandon Saad.
10:41 of 1st period - Stopped by Igor Shesterkin without a rebound.
10:42 of 1st period - Steven Stamkos wins face-off versus Tage Thompson in BUFFALO Sabres zone.
10:44 of 1st period - Minor Penalty to Matthew Tkachuk for Interference.
10:45 of 1st period - Nico Hischier wins face-off versus Vincent Trocheck in FLORIDA Panthers zone.
10:52 of 1st period - Shot by Alex Tuch.
10:52 of 1st period - Deflect By Nico Hischier.
10:52 of 1st period - Stopped by Darcy Kuemper without a rebound.
10:53 of 1st period - Vincent Trocheck wins face-off versus Jack Eichel in FLORIDA Panthers zone.
10:58 of 1st period - Valeri Nichushkin is hit by Vincent Trocheck and loses puck.
11:13 of 1st period - Shot by Jack Eichel.
11:13 of 1st period - Shot Misses the Net.
11:17 of 1st period - Shot by Ivan Provorov.
11:17 of 1st period - Shot Blocked by Vincent Trocheck.
11:19 of 1st period - Shot by Tage Thompson.
11:19 of 1st period - Deflect By Valeri Nichushkin.
11:19 of 1st period - Shot Misses the Net.
11:21 of 1st period - Shot by Jonas Brodin.
11:21 of 1st period - Goal by Jonas Brodin - FLORIDA Panthers : 3 - BUFFALO Sabres : 2.
11:22 of 1st period - Carter Verhaeghe wins face-off versus Nick Bjugstad in neutral zone.
11:37 of 1st period - Shot by Steven Stamkos.
11:37 of 1st period - Shot Misses the Net.
12:06 of 1st period - Carter Verhaeghe is hit by Jakob Chychrun and loses puck.
13:17 of 1st period - Shot by Brandon Saad.
13:17 of 1st period - Stopped by Igor Shesterkin without a rebound.
13:18 of 1st period - Vincent Trocheck wins face-off versus Jack Eichel in BUFFALO Sabres zone.
13:25 of 1st period - Shot by Brock Nelson.
13:25 of 1st period - Shot Misses the Net.
13:27 of 1st period - Shot by Brock Nelson.
13:27 of 1st period - Shot Misses the Net.
13:29 of 1st period - Shot by Connor Murphy.
13:29 of 1st period - Stopped by Igor Shesterkin with a rebound.
13:31 of 1st period - Shot by Vincent Trocheck.
13:31 of 1st period - Stopped by Igor Shesterkin with a rebound.
13:39 of 1st period - Shot by Brock Nelson.
13:39 of 1st period - Stopped by Igor Shesterkin without a rebound.
13:40 of 1st period - Tage Thompson wins face-off versus Steven Stamkos in BUFFALO Sabres zone.
13:49 of 1st period - Icing by Brady Skjei.
13:50 of 1st period - Steven Stamkos wins face-off versus Nico Hischier in FLORIDA Panthers zone.
13:50 of 1st period - Brady Skjei is hit by Valeri Nichushkin and loses puck.
14:13 of 1st period - Shot by Steven Stamkos.
14:13 of 1st period - Stopped by Igor Shesterkin with a rebound.
14:35 of 1st period - Shot by Nico Hischier.
14:35 of 1st period - Shot Misses the Net.
14:55 of 1st period - Shot by Brock Nelson.
14:55 of 1st period - Shot Blocked by Filip Hronek.
14:57 of 1st period - Shot by Vincent Trocheck.
14:57 of 1st period - Deflect By Brock Nelson.
14:57 of 1st period - Stopped by Igor Shesterkin without a rebound.
14:58 of 1st period - Derek Grant wins face-off versus Jack Eichel in BUFFALO Sabres zone.
15:22 of 1st period - Alex Tuch is hit by Josh Morrissey and loses puck.
15:47 of 1st period - Ryan McDonagh is hit by Jack Eichel and loses puck.
16:17 of 1st period - Icing by Connor Murphy.
16:18 of 1st period - Nick Bjugstad wins face-off versus Vincent Trocheck in FLORIDA Panthers zone.
16:19 of 1st period - Shot by Curtis Lazar.
16:19 of 1st period - Stopped by Darcy Kuemper with a rebound.
16:22 of 1st period - Minor Penalty to Nick Bjugstad for Tripping.
16:23 of 1st period - Steven Stamkos wins face-off versus Nico Hischier in BUFFALO Sabres zone.
16:42 of 1st period - Shot by Josh Morrissey.
16:42 of 1st period - Stopped by Igor Shesterkin without a rebound.
16:43 of 1st period - Nico Hischier wins face-off versus Vincent Trocheck in BUFFALO Sabres zone.
17:04 of 1st period - Shot by Ryan McDonagh.
17:04 of 1st period - Shot Blocked by Brett Kulak.
17:54 of 1st period - Shot by Dougie Hamilton.
17:54 of 1st period - Shot Misses the Net.
18:02 of 1st period - Shot by Matthew Tkachuk.
18:02 of 1st period - Goal by Matthew Tkachuk - FLORIDA Panthers : 4 - BUFFALO Sabres : 2.
18:02 of 1st period - Connor Ingram enters game.
18:03 of 1st period - Jack Eichel wins face-off versus Adam Henrique in neutral zone.
18:06 of 1st period - Matt Irwin is hit by Jack Eichel and loses puck.
18:08 of 1st period - Minor Penalty to Connor Murphy for High sticking.
18:09 of 1st period - Vincent Trocheck wins face-off versus Jack Eichel in FLORIDA Panthers zone.
18:28 of 1st period - Shot by Ivan Provorov.
18:28 of 1st period - Shot Misses the Net.
18:30 of 1st period - Shot by Jonas Brodin.
18:30 of 1st period - Stopped by Darcy Kuemper without a rebound.
18:31 of 1st period - Nico Hischier wins face-off versus Adam Henrique in FLORIDA Panthers zone.
18:38 of 1st period - Shot by Filip Hronek.
18:38 of 1st period - Stopped by Darcy Kuemper without a rebound.
18:39 of 1st period - Nico Hischier wins face-off versus Vincent Trocheck in FLORIDA Panthers zone.
18:54 of 1st period - Shot by Alex Tuch.
18:54 of 1st period - Shot Misses the Net.
18:56 of 1st period - Shot by Ivan Provorov.
18:56 of 1st period - Shot Blocked by Ryan McDonagh.
18:58 of 1st period - Shot by Jonas Brodin.
18:58 of 1st period - Stopped by Darcy Kuemper with a rebound.
19:00 of 1st period - Shot by Jesper Bratt.
19:00 of 1st period - Stopped by Darcy Kuemper without a rebound.
19:01 of 1st period - Jack Eichel wins face-off versus Adam Henrique in FLORIDA Panthers zone.
19:12 of 1st period - Shot by Tage Thompson.
19:12 of 1st period - Shot Misses the Net.
Goals for this period are 4 for FLORIDA Panthers vs 2 for BUFFALO Sabres.
Shots for this period are 18 for FLORIDA Panthers vs 11 for BUFFALO Sabres.

2nd period


0:01 of 2nd period - Nico Hischier wins face-off versus Vincent Trocheck in neutral zone.
0:30 of 2nd period - Shot by Matthew Tkachuk.
0:30 of 2nd period - Stopped by Connor Ingram without a rebound.
0:31 of 2nd period - Jack Eichel wins face-off versus Brandon Saad in BUFFALO Sabres zone.
0:31 of 2nd period - Jack Eichel is hit by Vincent Trocheck.
0:34 of 2nd period - Ivan Provorov is hit by Brock Nelson and loses puck.
0:49 of 2nd period - Shot by Brock Nelson.
0:49 of 2nd period - Shot Blocked by Ivan Provorov.
0:51 of 2nd period - Shot by Brock Nelson.
0:51 of 2nd period - Stopped by Connor Ingram without a rebound.
0:52 of 2nd period - Steven Stamkos wins face-off versus Nico Hischier in BUFFALO Sabres zone.
1:13 of 2nd period - Shot by Matthew Tkachuk.
1:13 of 2nd period - Stopped by Connor Ingram without a rebound.
1:14 of 2nd period - Jack Eichel wins face-off versus Vincent Trocheck in BUFFALO Sabres zone.
1:14 of 2nd period - Jack Eichel is hit by Vincent Trocheck.
1:17 of 2nd period - Icing by Jonas Brodin.
1:18 of 2nd period - Brock Nelson wins face-off versus Jack Eichel in BUFFALO Sabres zone.
1:18 of 2nd period - Ryan McDonagh is hit by Ivan Provorov and loses puck.
1:28 of 2nd period - Icing by Alex Tuch.
1:29 of 2nd period - Steven Stamkos wins face-off versus Jack Eichel in BUFFALO Sabres zone.
1:42 of 2nd period - Shot by Matthew Tkachuk.
1:42 of 2nd period - Shot Misses the Net.
1:53 of 2nd period - Shot by Jack Eichel.
1:53 of 2nd period - Stopped by Darcy Kuemper without a rebound.
1:54 of 2nd period - Nico Hischier wins face-off versus Brandon Saad in FLORIDA Panthers zone.
1:57 of 2nd period - Shot by Nico Hischier.
1:57 of 2nd period - Stopped by Darcy Kuemper without a rebound.
1:58 of 2nd period - Valeri Nichushkin wins face-off versus Vincent Trocheck in FLORIDA Panthers zone.
2:05 of 2nd period - Brock Nelson is hit by Nico Hischier and loses puck.
3:16 of 2nd period - Shot by Steven Stamkos.
3:16 of 2nd period - Shot Misses the Net.
3:32 of 2nd period - Shot by Jack Eichel.
3:32 of 2nd period - Stopped by Darcy Kuemper without a rebound.
3:33 of 2nd period - Adam Henrique wins face-off versus Tage Thompson in FLORIDA Panthers zone.
3:49 of 2nd period - Shot by Yegor Sharangovich.
3:49 of 2nd period - Shot Blocked by Jakob Chychrun.
3:51 of 2nd period - Shot by Adam Henrique.
3:51 of 2nd period - Stopped by Connor Ingram with a rebound.
4:01 of 2nd period - Shot by Adam Henrique.
4:01 of 2nd period - Shot Blocked by Jakob Chychrun.
4:45 of 2nd period - Logan O'Connor is hit by Brady Skjei and loses puck.
4:49 of 2nd period - Icing by Brady Skjei.
4:50 of 2nd period - Vincent Trocheck wins face-off versus Jack Eichel in FLORIDA Panthers zone.
5:03 of 2nd period - Shot by Brandon Saad.
5:03 of 2nd period - Shot Misses the Net.
5:05 of 2nd period - Shot by Brady Skjei.
5:05 of 2nd period - Shot Misses the Net.
5:20 of 2nd period - Icing by Jonas Brodin.
5:21 of 2nd period - Steven Stamkos wins face-off versus Jack Eichel in BUFFALO Sabres zone.
6:00 of 2nd period - Jesper Bratt is hit by Josh Morrissey and loses puck.
6:13 of 2nd period - Shot by Valeri Nichushkin.
6:13 of 2nd period - Stopped by Darcy Kuemper without a rebound.
6:14 of 2nd period - Nick Bjugstad wins face-off versus Adam Henrique in FLORIDA Panthers zone.
6:27 of 2nd period - Shot by Nick Bjugstad.
6:27 of 2nd period - Shot Blocked by Matt Irwin.
6:29 of 2nd period - Shot by Nick Bjugstad.
6:29 of 2nd period - Shot Blocked by Connor Murphy.
6:31 of 2nd period - Shot by Nick Bjugstad.
6:31 of 2nd period - Stopped by Darcy Kuemper without a rebound.
6:32 of 2nd period - Vincent Trocheck wins face-off versus Nico Hischier in FLORIDA Panthers zone.
6:47 of 2nd period - Shot by Jesper Bratt.
6:47 of 2nd period - Deflect By Valeri Nichushkin.
6:47 of 2nd period - Stopped by Darcy Kuemper without a rebound.
6:48 of 2nd period - Adam Henrique wins face-off versus Jack Eichel in FLORIDA Panthers zone.
7:25 of 2nd period - Shot by Yegor Sharangovich.
7:25 of 2nd period - Shot Misses the Net.
8:26 of 2nd period - Icing by Jonas Brodin.
8:27 of 2nd period - Vincent Trocheck wins face-off versus Jack Eichel in BUFFALO Sabres zone.
9:40 of 2nd period - Shot by Ryan McLeod.
9:40 of 2nd period - Shot Misses the Net.
10:22 of 2nd period - Nico Hischier is hit by Ryan McLeod and loses puck.
11:09 of 2nd period - Shot by Matthew Tkachuk.
11:09 of 2nd period - Shot Blocked by Logan O'Connor.
11:13 of 2nd period - Shot by Steven Stamkos.
11:13 of 2nd period - Stopped by Connor Ingram with a rebound.
11:30 of 2nd period - Minor Penalty to Matthew Tkachuk for Interference.
11:31 of 2nd period - Vincent Trocheck wins face-off versus Nico Hischier in FLORIDA Panthers zone.
11:53 of 2nd period - Icing by Filip Hronek.
11:54 of 2nd period - Vincent Trocheck wins face-off versus Jesper Bratt in BUFFALO Sabres zone.
12:33 of 2nd period - Shot by Jakob Chychrun.
12:33 of 2nd period - Shot Misses the Net.
12:45 of 2nd period - Shot by Jakob Chychrun.
12:45 of 2nd period - Stopped by Darcy Kuemper with a rebound.
12:47 of 2nd period - Shot by Nick Bjugstad.
12:47 of 2nd period - Deflect By Tage Thompson.
12:47 of 2nd period - Shot Misses the Net.
13:46 of 2nd period - Off-side.
13:47 of 2nd period - Derek Grant wins face-off versus Nick Bjugstad in neutral zone.
13:58 of 2nd period - Shot by Derek Grant.
13:58 of 2nd period - Stopped by Connor Ingram without a rebound.
13:59 of 2nd period - Steven Stamkos wins face-off versus Nick Bjugstad in BUFFALO Sabres zone.
13:59 of 2nd period - Steven Stamkos is hit by Filip Hronek.
14:00 of 2nd period - Minor Penalty to Brett Kulak for Roughing.
14:01 of 2nd period - Steven Stamkos wins face-off versus Nico Hischier in BUFFALO Sabres zone.
14:26 of 2nd period - Shot by Dougie Hamilton.
14:26 of 2nd period - Stopped by Connor Ingram with a rebound.
14:38 of 2nd period - Alex Tuch is hit by Carter Verhaeghe and loses puck.
15:09 of 2nd period - Shot by Ryan McDonagh.
15:09 of 2nd period - Stopped by Connor Ingram without a rebound.
15:10 of 2nd period - Vincent Trocheck wins face-off versus Nico Hischier in BUFFALO Sabres zone.
15:29 of 2nd period - Icing by Brady Skjei.
15:30 of 2nd period - Vincent Trocheck wins face-off versus Nico Hischier in FLORIDA Panthers zone.
15:48 of 2nd period - Shot by Brock Nelson.
15:48 of 2nd period - Stopped by Connor Ingram without a rebound.
15:49 of 2nd period - Nick Bjugstad wins face-off versus Steven Stamkos in BUFFALO Sabres zone.
17:28 of 2nd period - Shot by Matthew Tkachuk.
17:28 of 2nd period - Goal by Matthew Tkachuk - FLORIDA Panthers : 5 - BUFFALO Sabres : 2.
17:29 of 2nd period - Vincent Trocheck wins face-off versus Nico Hischier in neutral zone.
17:32 of 2nd period - Shot by Brock Nelson.
17:32 of 2nd period - Stopped by Connor Ingram without a rebound.
17:33 of 2nd period - Vincent Trocheck wins face-off versus Nico Hischier in BUFFALO Sabres zone.
17:42 of 2nd period - Shot by Dougie Hamilton.
17:42 of 2nd period - Shot Misses the Net.
17:48 of 2nd period - Shot by Vincent Trocheck.
17:48 of 2nd period - Stopped by Connor Ingram without a rebound.
17:49 of 2nd period - Adam Henrique wins face-off versus Tage Thompson in BUFFALO Sabres zone.
18:25 of 2nd period - Icing by Tage Thompson.
18:26 of 2nd period - Tage Thompson wins face-off versus Steven Stamkos in BUFFALO Sabres zone.
18:30 of 2nd period - Tage Thompson is hit by Brady Skjei and loses puck.
18:42 of 2nd period - Icing by Brett Kulak.
18:43 of 2nd period - Vincent Trocheck wins face-off versus Tage Thompson in BUFFALO Sabres zone.
18:44 of 2nd period - Shot by Brock Nelson.
18:44 of 2nd period - Stopped by Connor Ingram with a rebound.
Goals for this period are 1 for FLORIDA Panthers vs 0 for BUFFALO Sabres.
Shots for this period are 13 for FLORIDA Panthers vs 7 for BUFFALO Sabres.

3rd period


0:01 of 3rd period - Nico Hischier wins face-off versus Steven Stamkos in neutral zone.
0:27 of 3rd period - Icing by Ivan Provorov.
0:28 of 3rd period - Vincent Trocheck wins face-off versus Nico Hischier in BUFFALO Sabres zone.
0:56 of 3rd period - Icing by Brady Skjei.
0:57 of 3rd period - Jack Eichel wins face-off versus Vincent Trocheck in FLORIDA Panthers zone.
2:36 of 3rd period - Seth Jarvis is hit by Adam Henrique and loses puck.
2:54 of 3rd period - Off-side.
2:55 of 3rd period - Nico Hischier wins face-off versus Brandon Saad in neutral zone.
3:18 of 3rd period - Shot by Vincent Trocheck.
3:18 of 3rd period - Stopped by Connor Ingram without a rebound.
3:19 of 3rd period - Tage Thompson wins face-off versus Derek Grant in BUFFALO Sabres zone.
3:25 of 3rd period - Icing by Jordan Martinook.
3:26 of 3rd period - Derek Grant wins face-off versus Tage Thompson in FLORIDA Panthers zone.
3:26 of 3rd period - Minor Penalty to Logan O'Connor for Slashing.
3:27 of 3rd period - Nico Hischier wins face-off versus Steven Stamkos in BUFFALO Sabres zone.
3:27 of 3rd period - Nico Hischier is hit by Matthew Tkachuk.
3:46 of 3rd period - Jonas Brodin is hit by Steven Stamkos and loses puck.
4:36 of 3rd period - Shot by Brady Skjei.
4:36 of 3rd period - Shot Misses the Net.
4:38 of 3rd period - Shot by Brady Skjei.
4:38 of 3rd period - Shot Misses the Net.
4:42 of 3rd period - Shot by Ryan McDonagh.
4:42 of 3rd period - Stopped by Connor Ingram without a rebound.
4:43 of 3rd period - Vincent Trocheck wins face-off versus Nick Bjugstad in BUFFALO Sabres zone.
5:04 of 3rd period - Shot by Brady Skjei.
5:04 of 3rd period - Stopped by Connor Ingram without a rebound.
5:05 of 3rd period - Steven Stamkos wins face-off versus Nico Hischier in BUFFALO Sabres zone.
5:06 of 3rd period - Shot by Matthew Tkachuk.
5:06 of 3rd period - Stopped by Connor Ingram without a rebound.
5:07 of 3rd period - Steven Stamkos wins face-off versus Alex Tuch in BUFFALO Sabres zone.
5:16 of 3rd period - Shot by Steven Stamkos.
5:16 of 3rd period - Stopped by Connor Ingram without a rebound.
5:17 of 3rd period - Nico Hischier wins face-off versus Steven Stamkos in BUFFALO Sabres zone.
5:34 of 3rd period - Shot by Vincent Trocheck.
5:34 of 3rd period - Shot Misses the Net.
5:37 of 3rd period - Icing by Tage Thompson.
5:38 of 3rd period - Tage Thompson wins face-off versus Steven Stamkos in BUFFALO Sabres zone.
6:18 of 3rd period - Shot by Tage Thompson.
6:18 of 3rd period - Shot Blocked by Ryan McDonagh.
6:42 of 3rd period - Brock Nelson is hit by Jesper Bratt and loses puck.
7:58 of 3rd period - Shot by Adam Henrique.
7:58 of 3rd period - Shot Misses the Net.
8:00 of 3rd period - Shot by Yegor Sharangovich.
8:00 of 3rd period - Shot Misses the Net.
8:02 of 3rd period - Shot by Connor Murphy.
8:02 of 3rd period - Shot Misses the Net.
8:04 of 3rd period - Shot by Connor Murphy.
8:04 of 3rd period - Stopped by Connor Ingram with a rebound.
8:06 of 3rd period - Shot by Adam Henrique.
8:06 of 3rd period - Shot Misses the Net.
8:08 of 3rd period - Shot by Eetu Luostarinen.
8:08 of 3rd period - Stopped by Connor Ingram without a rebound.
8:09 of 3rd period - Nick Bjugstad wins face-off versus Derek Grant in BUFFALO Sabres zone.
8:09 of 3rd period - Nick Bjugstad is hit by Ryan McLeod.
8:31 of 3rd period - Off-side.
8:32 of 3rd period - Steven Stamkos wins face-off versus Valeri Nichushkin in neutral zone.
8:36 of 3rd period - Minor Penalty to Carter Verhaeghe for Holding.
8:37 of 3rd period - Nico Hischier wins face-off versus Vincent Trocheck in FLORIDA Panthers zone.
8:42 of 3rd period - Shot by Nico Hischier.
8:42 of 3rd period - Shot Misses the Net.
8:44 of 3rd period - Shot by Alex Tuch.
8:44 of 3rd period - Shot Blocked by Ryan McDonagh.
8:46 of 3rd period - Shot by Alex Tuch.
8:46 of 3rd period - Shot Blocked by Ryan McDonagh.
8:52 of 3rd period - Shot by Ivan Provorov.
8:52 of 3rd period - Shot Misses the Net.
10:26 of 3rd period - Shot by Alex Tuch.
10:26 of 3rd period - Stopped by Darcy Kuemper without a rebound.
10:27 of 3rd period - Nico Hischier wins face-off versus Adam Henrique in FLORIDA Panthers zone.
10:30 of 3rd period - Shot by Nico Hischier.
10:30 of 3rd period - Deflect By Jesper Bratt.
10:30 of 3rd period - Shot Blocked by Brady Skjei.
10:34 of 3rd period - Shot by Jesper Bratt.
10:34 of 3rd period - Stopped by Darcy Kuemper without a rebound.
10:35 of 3rd period - Adam Henrique wins face-off versus Tage Thompson in FLORIDA Panthers zone.
10:46 of 3rd period - Shot by Mattias Janmark.
10:46 of 3rd period - Stopped by Darcy Kuemper with a rebound.
10:48 of 3rd period - Shot by Mattias Janmark.
10:48 of 3rd period - Shot Blocked by Matthew Tkachuk.
11:48 of 3rd period - Icing by Adam Henrique.
11:49 of 3rd period - Adam Henrique wins face-off versus Jack Eichel in FLORIDA Panthers zone.
12:57 of 3rd period - Brandon Saad is hit by Brett Kulak and loses puck.
13:18 of 3rd period - Shot by Vincent Trocheck.
13:18 of 3rd period - Shot Misses the Net.
13:20 of 3rd period - Shot by Brock Nelson.
13:20 of 3rd period - Stopped by Connor Ingram without a rebound.
13:21 of 3rd period - Nico Hischier wins face-off versus Steven Stamkos in BUFFALO Sabres zone.
13:29 of 3rd period - Valeri Nichushkin is hit by Brady Skjei and loses puck.
13:49 of 3rd period - Shot by Carter Verhaeghe.
13:49 of 3rd period - Stopped by Connor Ingram without a rebound.
13:50 of 3rd period - Adam Henrique wins face-off versus Tage Thompson in BUFFALO Sabres zone.
14:04 of 3rd period - Icing by Logan O'Connor.
14:05 of 3rd period - Tage Thompson wins face-off versus Vincent Trocheck in BUFFALO Sabres zone.
14:23 of 3rd period - Icing by Matt Irwin.
14:24 of 3rd period - Vincent Trocheck wins face-off versus Nico Hischier in FLORIDA Panthers zone.
14:34 of 3rd period - Shot by Valeri Nichushkin.
14:34 of 3rd period - Shot Blocked by Connor Murphy.
14:36 of 3rd period - Shot by Nico Hischier.
14:36 of 3rd period - Shot Blocked by Connor Murphy.
14:42 of 3rd period - Shot by Nico Hischier.
14:42 of 3rd period - Stopped by Darcy Kuemper without a rebound.
14:43 of 3rd period - Steven Stamkos wins face-off versus Tage Thompson in FLORIDA Panthers zone.
14:43 of 3rd period - Steven Stamkos is hit by Logan O'Connor.
15:00 of 3rd period - Steven Stamkos is hit by Jakob Chychrun and loses puck.
15:03 of 3rd period - Shot by Carter Verhaeghe.
15:03 of 3rd period - Stopped by Connor Ingram with a rebound.
15:13 of 3rd period - Shot by Matthew Tkachuk.
15:13 of 3rd period - Stopped by Connor Ingram with a rebound.
15:15 of 3rd period - Shot by Josh Morrissey.
15:15 of 3rd period - Shot Blocked by Jakob Chychrun.
15:17 of 3rd period - Shot by Josh Morrissey.
15:17 of 3rd period - Shot Blocked by Jon Merrill.
15:19 of 3rd period - Shot by Carter Verhaeghe.
15:19 of 3rd period - Stopped by Connor Ingram without a rebound.
15:20 of 3rd period - Vincent Trocheck wins face-off versus Nico Hischier in BUFFALO Sabres zone.
15:23 of 3rd period - Shot by Brock Nelson.
15:23 of 3rd period - Stopped by Connor Ingram with a rebound.
15:27 of 3rd period - Shot by Brandon Saad.
15:27 of 3rd period - Stopped by Connor Ingram without a rebound.
15:28 of 3rd period - Nico Hischier wins face-off versus Vincent Trocheck in BUFFALO Sabres zone.
17:21 of 3rd period - Shot by Jack Eichel.
17:21 of 3rd period - Deflect By Alex Tuch.
17:21 of 3rd period - Shot Misses the Net.
17:23 of 3rd period - Shot by Jack Eichel.
17:23 of 3rd period - Stopped by Darcy Kuemper with a rebound.
17:25 of 3rd period - Shot by Jon Merrill.
17:25 of 3rd period - Shot Misses the Net.
17:27 of 3rd period - Shot by Jakob Chychrun.
17:27 of 3rd period - Stopped by Darcy Kuemper without a rebound.
17:28 of 3rd period - Tage Thompson wins face-off versus Adam Henrique in FLORIDA Panthers zone.
17:52 of 3rd period - Adam Henrique is hit by Tage Thompson and loses puck.
18:57 of 3rd period - Icing by Vincent Trocheck.
18:58 of 3rd period - Jesper Bratt wins face-off versus Vincent Trocheck in FLORIDA Panthers zone.
19:04 of 3rd period - Brady Skjei is hit by Jonas Brodin and loses puck.
19:07 of 3rd period - Shot by Brandon Saad.
19:07 of 3rd period - Stopped by Connor Ingram without a rebound.
19:08 of 3rd period - Steven Stamkos wins face-off versus Jack Eichel in BUFFALO Sabres zone.
19:19 of 3rd period - Shot by Alex Tuch.
19:19 of 3rd period - Stopped by Darcy Kuemper without a rebound.
19:20 of 3rd period - Derek Grant wins face-off versus Nico Hischier in FLORIDA Panthers zone.
19:20 of 3rd period - Derek Grant is hit by Valeri Nichushkin.
19:48 of 3rd period - Shot by Valeri Nichushkin.
19:48 of 3rd period - Stopped by Darcy Kuemper without a rebound.
19:49 of 3rd period - Matthew Tkachuk wins face-off versus Jack Eichel in FLORIDA Panthers zone.
Goals for this period are 0 for FLORIDA Panthers vs 0 for BUFFALO Sabres.
Shots for this period are 15 for FLORIDA Panthers vs 8 for BUFFALO Sabres. Output by the SimonT Hockey Simulator (STHS) for Martin Benoit - Original Page W3C HTML5 Valid
Hockey Simulator - Hockey Simulation - Hockey Manager